 Dungeon Crawl Stone Soup version 0.29-a0-378-gc08b2e8bf8 (webtiles) character file.

Game seed: 2709055037094865837

567 quokkamancerX the Cudgeller (level 7, -2/69 HPs)
             Began as a Naga Berserker on May 5, 2022.
             Was a Priest of Trog.
             Slain by a gnoll
             ... wielding a +0 flail
             ... led by a gnoll sergeant
              (4 damage)
             ... on level 4 of the Dungeon.
             The game lasted 00:14:50 (4557 turns).

quokkamancerX the Cudgeller (Naga Berserker)        Turns: 4557, Time: 00:14:51

Health: -2/69      AC:  9    Str: 21    XL:     7   Next: 33%
Magic:  7/7        EV:  6    Int:  7    God:    Trog [***...]
Gold:   290        SH:  0    Dex: 11    Spells: 6/6 levels left

rFire   . . .      SeeInvis +   p - +1 flail
rCold   . . .      Faith    .   (no shield)
rNeg    . . .      Spirit   .   q - +0 chain mail
rPois   +          Reflect  .   (no helmet)
rElec   .          Harm     .   j - +0 cloak
rCorr   .          Rampage  .   h - +0 pair of gloves
Will    .....                   (no barding)
Stlth   ..........              (no amulet)
HPRegen 0.21/turn               (no ring)
MPRegen 0.10/turn               (no ring)

@: on berserk cooldown, slowed, very slow
A: AC +2, large, see invisible, deformed body, poison resistance, slowness 2,
spit poison 1, naga tail 1
a: Spit Poison, Renounce Religion, Berserk, Trog's Hand


You were on level 4 of the Dungeon.
You worshipped Trog.
Trog was most pleased with you.
You visited 1 branch of the dungeon, and saw 4 of its levels.
You also visited: Sewer.

You collected 290 gold pieces.

Inventory:

Hand Weapons
 p - a +1 flail (weapon)
Missiles
 t - a curare-tipped dart
Armour
 h - a +0 pair of gloves (worn)
 j - a +0 cloak (worn)
 q - a +0 chain mail (worn)
Jewellery
 n - an amulet of guardian spirit
Scrolls
 a - a scroll of amnesia {unknown}
 b - 2 scrolls of teleportation
 c - a scroll of poison {unknown}
 d - 2 scrolls of magic mapping {unknown}
 g - 2 scrolls of fear {unknown}
 k - 2 scrolls of torment {unknown}
 l - a scroll of vulnerability {unknown}
 m - 2 scrolls of blinking {unknown}
 r - a scroll of noise {unknown}
 v - a scroll of fog {unknown}
 w - 3 scrolls of enchant weapon
 y - a scroll of enchant armour {unknown}
Potions
 e - 5 potions of heal wounds
 f - 5 potions of curing
 i - a potion of resistance {unknown}
 o - 2 potions of haste {unknown}
 s - 2 potions of mutation {unknown}
 u - a potion of invisibility {unknown}
 x - a potion of attraction {unknown}


   Skills:
 + Level 6.1 Fighting
 + Level 6.1 Maces & Flails
 - Level 1.5 Armour
 - Level 1.5 Dodging


You had 6 spell levels left.
You didn't know any spells.
Your spell library was empty.

Dungeon Overview and Level Annotations

Branches:
Dungeon (4/15)              Sewer (visited)
 Temple: D:4-7

Altars:
Nemelex Xobeh


Innate Abilities, Weirdness & Mutations

Your serpentine skin is tough. (AC +2)
You have supernaturally acute eyesight. (SInv)
Armour fits poorly on your strangely shaped body.
Your system is resistant to poisons. (rPois)
You cover ground very slowly.
You can spit poison.
You have a snake-like lower body.


Message History

The gnoll sergeant hits you but does no damage.
The gnoll sergeant hits you with a +0 spear!
You hit the gnoll sergeant but do no damage.
The gnoll sergeant is heavily wounded.
The gnoll sergeant closely misses you.
The gnoll sergeant attacks as you move away!
The gnoll sergeant hits you but does no damage.
The gnoll throws a throwing net.
The throwing net hits you.
You become entangled in the net!
The gnoll sergeant hits you from afar with a +0 spear!
* * * LOW HITPOINT WARNING * * *
The gnoll sergeant hits you but does no damage.
There is a stone staircase leading up here.
You see here a throwing net.
Unknown command.
You feel much better. The gnoll sergeant barely misses you.
The gnoll sergeant hits you from afar with a +0 spear!
The gnoll hits you with a +0 flail.
You are too injured to fight recklessly!
You are too injured to fight recklessly!
You are too injured to fight recklessly!
You are too injured to fight recklessly!
You struggle against the net.
The gnoll shouts!
The gnoll hits you with a +0 flail.
The gnoll sergeant hits you but does no damage.
You tear a large gash into the net.
The gnoll sergeant hits you from afar with a +0 spear.
The gnoll hits you with a +0 flail!
* * * LOW HITPOINT WARNING * * *
The gnoll hits you but does no damage.
The gnoll sergeant hits you from afar with a +0 spear.
* * * LOW HITPOINT WARNING * * *
You rip the net and break free!
The gnoll barely misses you.
The gnoll sergeant hits you from afar with a +0 spear!
* * * LOW HITPOINT WARNING * * *
The gnoll closely misses you. The gnoll hits you but does no damage.
The gnoll sergeant hits you but does no damage.
The gnoll hits you with a +0 flail.
You die... .PgP.

..P. P..######### ..
........ # #. #....
####.#.####.######.#
..........gg@......#
#..[))g##.....#
######## #####


You could see a gnoll sergeant and 2 gnolls.

Vanquished Creatures
  A kobold brigand (Sewer)
  A necrophage (D:2)
  A scorpion (D:4)
  An orc priest (D:4)
  2 jellies (D:3)
  6 gnolls
  7 adders
  6 river rats (Sewer)
  2 dart slugs
  4 orcs (D:3)
  10 endoplasms
  5 giant cockroaches
  8 goblins
  4 hobgoblins
  4 jackals (D:3)
  3 quokkas
  10 ball pythons
  5 bats
  2 frilled lizards
  21 kobolds
  20 rats
123 creatures vanquished.

Vanquished Creatures (others)
  3 fungi (D:3)
  15 plants
  12 toadstools (D:3)
30 creatures vanquished.

Grand Total: 153 creatures vanquished

Notes
Turn   | Place    | Note
-------+----------+-------------------------------------------
     0 | D:1      | quokkamancerX the Naga Berserker began the quest for the
                  | Orb.
     0 | D:1      | Reached XP level 1. HP: 21/21 MP: 1/1
   349 | D:1      | Reached XP level 2. HP: 28/28 MP: 2/2
   978 | D:1      | Reached XP level 3. HP: 31/34 MP: 3/3
  1420 | D:2      | Reached ** piety under Trog
  1528 | D:2      | Reached XP level 4. HP: 44/44 MP: 4/4
  1908 | D:2      | Noticed a necrophage
  1913 | D:2      | Killed a necrophage
  1914 | D:2      | Reached XP level 5. HP: 51/51 MP: 5/5
  2375 | D:3      | Found a sparkling altar of Nemelex Xobeh.
  2449 | D:3      | Noticed a golden eye
  2480 | D:3      | Found a faded altar of an unknown god.
  2503 | D:3      | Noticed a great orb of eyes
  2503 | D:3      | Noticed a great orb of eyes
  2503 | D:3      | Noticed a shining eye
  2565 | D:3      | Found a glowing drain.
  2590 | Sewer    | Entered a sewer
  2724 | Sewer    | Reached skill level 5 in Fighting
  2724 | Sewer    | Reached skill level 5 in Maces & Flails
  2781 | Sewer    | Reached XP level 6. HP: 46/61 MP: 6/6
  3966 | D:3      | Reached XP level 7. HP: 41/68 MP: 7/7
  3971 | D:3      | Reached *** piety under Trog
  4556 | D:4      | HP: 2/69 [gnoll sergeant/+0 spear (9)]
  4557 | D:4      | Slain by a gnoll

Illustrated notes

Levels and vault maps discovered:
D:1:      nicolae_arrival_somewhat_less_tricky_arrival, layout_basic,
          serial_forest, infiniplex_forest_clump_large,
          infiniplex_forest_clump_medium, infiniplex_forest_zigzag_1,
          infiniplex_forest_fountain, infiniplex_forest_zigzag_1,
          infiniplex_forest_straight_4, infiniplex_forest_split,
          nicolae_concentric_dashed_squares_wild, minmay_liquid_box
D:2:      minmay_inner_zag, layout_loops_ring
D:3:      cheibrodos_fertilizer, layout_basic, nemelex_spade_bored_becter,
          hellmonk_ecumenical_altar_watching_god, gup_sewer_entry_glass,
          minivault_23
D:4:      layout_basic, mainiacjoe_overflow_small_starburst,
          minmay_temple_entry_proselytizer, nicolae_grassy_gnolls

Skill      XL: |  1  2  3  4  5  6  7 |
---------------+----------------------+-----
Maces & Flails | 4 5 6 |  6.1
Fighting       | 4 5 6 |  6.1
Armour         | |  1.5
Dodging        | |  1.5

Action                   |  1- 3 |  4- 6 |  7- 9 || total
-------------------------+-------+-------+-------++-------
Melee: Mace              |    71 |     6 |       ||    77
       Flail             |       |   195 |    40 ||   235
       Punch             |       |     2 |       ||     2
Invok: Berserk           |     1 |     6 |     1 ||     8
 Abil: Spit Poison       |    25 |     5 |     2 ||    32
  Use: Scroll            |       |     5 |       ||     5
       Potion            |       |       |     1 ||     1
Armor: Ring mail         |    47 |     4 |       ||    51
       Animal skin       |     1 |       |       ||     1
       Chain mail        |       |   187 |    18 ||   205
Dodge: Dodged            |    40 |   122 |    14 ||   176

Table legend: (Time is in decaauts)
 A = Elapsed time spent in this place.
 B = Non-inter-level travel time spent in this place.
 C = Inter-level travel time spent in this place.
 D = Time resting spent in this place.
 E = Time spent auto-exploring this place.
 F = Levels seen in this place.
 G = Mean time per level.
                   A        B        C        D        E       F      G
               +--------+--------+--------+--------+--------+-----+--------+
         Total |   5781 |   5644 |    137 |    998 |   3172 |   5 | 1156.2 |
       Dungeon |   4440 |   4303 |    137 |    641 |   2492 |   4 | 1110.0 |
         Sewer |   1341 |   1341 |      0 |    356 |    680 |   1 | 1341.0 |
               +--------+--------+--------+--------+--------+-----+--------+

Top non-repeatable levels by time:
     D:2: 1525 daAuts
     D:1: 1465 daAuts
     D:3: 1385 daAuts
   Sewer: 1341 daAuts
     D:4: 63 daAuts
